 Dungeon Crawl Stone Soup version 0.20.1-1-g8b1a95d (webtiles) character file.

10 digijack the Insei (level 2, 18/18 HPs)
             Began as an Octopode Transmuter on Oct 21, 2017.
             Got out of the dungeon alive.
             The game lasted 00:07:34 (1233 turns).

digijack the Insei (Octopode Transmuter)            Turns: 1233, Time: 00:07:35

Health: 18/18      AC:  1    Str:  9    XL:     2   Next: 20%
Magic:  5/5        EV: 13    Int: 15    God:
Gold:   35         SH:  0    Dex: 12    Spells: 4/5 levels left

rFire    . . .     SeeInvis .     - Unarmed
rCold    . . .     Gourm    .   (no shield)
rNeg     . . .     Faith    .   (helmet restricted)
rPois    .         Spirit   .   (no amulet)
rElec    .         Reflect  .   (no ring)
rCorr    .         Harm     .   (no ring)
MR       .....                  (no ring)
Stlth    ++........             (no ring)
Regen    0.1/turn               (no ring)
MPRegen  0.1/turn               (no ring)
                                (no ring)
                                (no ring)

@: no status effects
A: almost no armour, stealthy swim, amphibious, 8 rings, constrict 8, camouflage
1, gelatinous body 1
a: no special abilities


You escaped.
You were hungry.

You visited 1 branch of the dungeon, and saw 1 of its levels.

You collected 35 gold pieces.

Inventory:

Missiles
 a - 36 arrows
 d - 32 stones (quivered)
Books
 b - a book of Changes

   Spells                             Type                      Level
   a - Beastly Appendage              Transmutation                1
   b - Sticks to Snakes               Transmutation                2
   c - Spider Form                    Transmutation/Poison         3
   d - Ice Form                       Ice/Transmutation            4
   e - Blade Hands                    Transmutation                5
Comestibles
 c - a bread ration
 f - a royal jelly


   Skills:
 + Level 1.0 Fighting
 + Level 2.2 Dodging
 + Level 3.2 Unarmed Combat
 + Level 2.1 Spellcasting
 + Level 2.2 Transmutations


You had 4 spell levels left.
You knew the following spells:

 Your Spells              Type           Power        Failure   Level  Hunger
a - Beastly Appendage     Tmut           #.....       9%          1    #......


Dungeon Overview and Level Annotations

Branches:
Dungeon (1/15)

Altars:


Innate Abilities, Weirdness & Mutations

You cannot wear most types of armour.
You are very stealthy in the water. (Stealth+)
You are amphibious.
You can wear up to eight rings at the same time.
You can use your tentacles to constrict eight enemies at once.
Your skin changes colour to match your surroundings (Stealth+).
Your rubbery body absorbs attacks. (AC +1, EV +1)


Message History

There is an escape hatch in the floor here.
You see here a whip.
All of the chunks of flesh in your inventory have rotted away.
You see here a whip.
You are feeling hungry.
There is an escape hatch in the floor here.
You open the door.
There is an open door here.
f - a royal jelly Done exploring.
Done exploring.
There is an open door here.
There is an escape hatch in the floor here.
You see here a whip.
There is a stone staircase leading down here.
There is a stone staircase leading down here.
There is an open door here.
There is a staircase leading out of the dungeon here.
Are you sure you want to leave the Dungeon?
This will make you lose the game!
You have escaped!

.....#.##################..# #.#.
###..##'......####......'#.###.##
# ##.##........##........#.#[..#
#.##...##...##...##...#.#.#.##
#.##..####..##..####..#.#.#.#.
#.##..####..##..####..#.#.#.#.
#.##...##...##...##...#.#.#.#.
#[.#..................#>..#.#. ##
#..##........@.......##.###.#.
.###...######..##..######...##.#.
.##....######..##..######........
.##...##................##.######
.##.###..................#.....#
.#....#...##...##...##...#.###.##
....#.#..####..##..####..#.# #...
.##.#.#..####..##..####..#.# ####
.##.#.#...##...##...##...#.#


There were no monsters in sight!

Vanquished Creatures
  A giant cockroach (D:1)
  A hobgoblin (D:1)
  2 kobolds (D:1)
  A quokka (D:1)
  2 bats (D:1)
  A frilled lizard (D:1)
  2 rats (D:1)
10 creatures vanquished.

Notes
Turn   | Place    | Note
-------+----------+-------------------------------------------
     0 | D:1      | digijack the Octopode Transmuter began the quest for the Orb.
     0 | D:1      | Reached XP level 1. HP: 13/13 MP: 3/3
   611 | D:1      | Reached XP level 2. HP: 15/18 MP: 3/5
  1233 | D:$      | Got out of the dungeon alive.

Action                   || total
-------------------------++-------
Melee: Unarmed           ||    20
       Constrict         ||     4
       Tentacles         ||     2
       Kick              ||     2
 Cast: Beastly Appendage ||     6
  Use: Scroll            ||     2
       Potion            ||     2
 Stab: Sleeping          ||     2
Armor: Skin              ||     1
Dodge: Dodged            ||    14
